 Dungeon Crawl Stone Soup version 0.24-a0-630-g0d56a85 (webtiles) character file.

Game seed: 7896355277576778580, levelgen mode: deterministic

1586 Charmandara the Conjurer (level 8, -7/52 HPs)
             Began as a Demonspawn Fire Elementalist on Sept 20, 2019.
             Was an Initiate of Sif Muna.
             Shot with an arrow by a centaur (15 damage)
             ... on level 5 of the Dungeon.
             The game lasted 00:17:59 (6360 turns).

Charmandara the Conjurer (DsFE)                     Turns: 6360, Time: 00:17:59

Health: -7/52      AC:  5    Str:  8    XL:     8   Next: 61%
Magic:  0/15       EV: 11    Int: 19    God:    Sif Muna [......]
Gold:   301        SH:  0    Dex: 14    Spells: 6/16 levels left

rFire    + . .     SeeInvis .   n - +1 mace
rCold    + . .     Gourm    .   (no shield)
rNeg     . . .     Faith    .   d - +1 troll leather armour {Purgy}
rPois    .         Spirit   +   (helmet unavailable)
rElec    .         Reflect  .   (no cloak)
rCorr    .         Harm     .   (no gloves)
MR       .....     Rnd*Tele +   (no boots)
Stlth    ++........             p - amulet of rage {+Rage, !d}
HPRegen  0.57/turn              m - ring of protection from fire {rF+, !d}
MPRegen  0.14/turn              k - ring of teleportation (curse) {+/*tele, !d}

@: very slightly contaminated, invisible
A: horns 3, blurry vision 1, cold resistance 1, magic shield, MP-powered wands
a: Renounce Religion, Evoke Berserk Rage


You were on level 5 of the Dungeon.
You worshipped Sif Muna.
Sif Muna was noncommittal.
You were not hungry.

You visited 2 branches of the dungeon, and saw 6 of its levels.
You also visited: Sewer.

You collected 301 gold pieces.

Inventory:

Hand Weapons
 g - a +0 antimagic short sword
   (You took it off an orc on level 4 of the Dungeon)
 j - a +0 dagger
   (You took it off a goblin on level 1 of the Dungeon)
 l - a +0 whip of freezing
   (You took it off a kobold on level 3 of the Dungeon)
 n - a +1 mace (weapon)
   (You found it on level 2 of the Dungeon)
Armour
 a - a +0 robe
 d - a +1 troll leather armour (worn) {Purgy}
   (You found it in a sewer)
Jewellery
 k - a cursed ring of teleportation (right hand) {+/*tele, !d}
   (You found it on level 5 of the Dungeon)
 m - a ring of protection from fire (left hand) {rF+, !d}
   (You found it on level 2 of the Dungeon)
 p - an amulet of rage (around neck) {+Rage, !d}
   (You found it on level 4 of the Dungeon)
Wands
 q - a wand of scattershot (4)
   (You found it on level 5 of the Dungeon)
Scrolls
 b - 5 scrolls of remove curse
 e - 5 scrolls of teleportation
 f - a scroll of random uselessness
 h - 2 scrolls of amnesia
 i - a scroll of fog
 s - 3 scrolls of identify
 t - a scroll of enchant weapon
Potions
 o - 2 potions of curing
 u - a potion of might {unknown}
Comestibles
 c - 14 rations
 v - 2 chunks of flesh {@w0}


   Skills:
 - Level 1.7 Dodging
 - Level 1.7 Stealth
 + Level 4.9 Spellcasting
 * Level 7.1 Conjurations
 * Level 6.6 Fire Magic


You had 6 spell levels left.
You knew the following spells:

 Your Spells              Type           Power        Failure   Level  Hunger
a - Flame Tongue          Conj/Fire      ####.        1%          1    None
c - Conjure Flame         Conj/Fire      ####....     3%          3    ##.....
s - Sticky Flame          Conj/Fire      ####....     11%         4    ####...
x - Throw Flame           Conj/Fire      ####..       1%          2    #......

Your spell library contained the following spells:

 Spells                   Type           Power        Failure   Level  Hunger
 Inner Flame              Hex/Fire       ###.....     14%         3    ##.....
 Fireball                 Conj/Fire      ####......   30%         5    ######.


Dungeon Overview and Level Annotations

Branches:
Dungeon (5/15)             Temple (1/1) D:5           Sewer (visited)

Altars:
Ashenzari
Dithmenos
Elyvilon
Fedhas
Gozag
Hepliaklqana
Kikubaaqudgha
Makhleb
Nemelex Xobeh
Okawaru
Qazlal
Ru
Sif Muna
Uskayaw
Vehumet
Wu Jian
Xom
Yredelemnul
Zin


Innate Abilities, Weirdness & Mutations

You have a pair of large horns on your head.
When hurt, damage is shared between your health and your magic reserves.
Scrolls take you a little longer to read.
Your flesh is cold resistant. (rC+)
You expend magic power (3 MP) to strengthen your wands.


Message History

v - 3 chunks of flesh {@w0}
Things that are here:
a cursed -1 scythe; a +0 robe; the human skeleton of Sigmund You start resting.
Eating one of 3 chunks of flesh {@w0}.
You eat one of the 3 chunks of flesh {@w0}.
MP restored: 15
Found a stone staircase leading down.
You now have 286 gold pieces (gained 6).
Okay, then.
c - 13 rations (gained 1)
c - 14 rations (gained 1)
You now have 301 gold pieces (gained 15).
There is a stone staircase leading up here.
You see here 17 stones.
e - 5 scrolls of teleportation (gained 1)
You open the door.
There is an open door here.
You see here 17 stones.
Things that are here:
a +0 robe; a +0 dagger An orc wizard and a centaur come into view.
The orc wizard is wielding a +0 dagger of speed.
There are monsters nearby! 2 orcs come into view.
An orc is wielding a +1 mace of holy wrath.
The orc shouts!
The orc wizard shouts!
You hear a shout!
The centaur shouts! 2 orcs come into view.
The orc shouts! x3
The centaur wields a +0 shortbow.
The centaur shoots an arrow.
The arrow hits you!
The orc wizard gestures at you while chanting.
You are confused.
You see here an arrow.
You take 9 damage, and have 43/52 hp.
You now have 13/15 mp.
Unknown command.
You're too confused!
Unknown command.
The centaur shoots an arrow.
The arrow hits you.
You see here an arrow.
You take 1 damage, and have 42/52 hp.
You now have 12/15 mp.
The centaur shoots an arrow.
The arrow closely misses you. The orc wizard casts a spell at you.
The puff of flame misses you.
You see here an arrow.
Unknown command.
The centaur shoots an arrow.
The arrow hits you!
You see here an arrow.
You take 5 damage, and have 37/52 hp.
You now have 10/15 mp.
You see here an arrow.
You feel less confused.
Aim: an orc, wielding a +0 club You feel a surge of power!
The burst of metal fragments hits the orc!
You kill the orc!
Sif Muna accepts your kill.
The burst of metal fragments hits the orc!
You kill the orc!
Sif Muna accepts your kill.
The centaur shoots an arrow.
The arrow hits you.
The centaur shoots an arrow.
The arrow barely misses you.
The orc wizard gestures at you while chanting.
You are confused.
You take 5 damage, and have 34/52 hp.
You now have 6/15 mp.
Unknown command.
You bump into the rock wall.
You closely miss the orc wizard. The orc wizard completely misses you.
The orc misses you.
The orc wizard hits you but does no damage.
The orc barely misses you.
You closely miss the orc.
You feel less confused. The orc hits you with a +0 flail.
The orc wizard misses you.
The centaur shoots an arrow.
The arrow hits you but does no damage.
The orc wizard hits you but does no damage.
You see here an arrow.
You hit the orc.
The centaur shoots an arrow.
The arrow hits you! The orc hits you with a +0 flail!
The orc wizard closely misses you.
An ice beast comes into view.
The centaur shoots an arrow.
The arrow hits you!
* * * LOW HITPOINT WARNING * * *
The orc wizard hits you but does no damage.
The orc barely misses you.
You take 26 damage, and have 12/52 hp.
MASSIVE DAMAGE!!
You now have 2/15 mp.
Okay, then.
You fade into invisibility!
The centaur shoots an arrow.
The arrow hits you but does no damage.
You are very lightly contaminated with residual magic.
Unknown command.
Unknown command.
The orc wizard points at you and mumbles some strange words.
The puff of flame misses you. The orc hits you with a +0 flail!
* * * LOW HITPOINT WARNING * * *
You take 5 damage, and have 8/52 hp.
You now have 1/15 mp.
You don't have enough magic to cast that spell.
Unknown command.
The centaur shoots an arrow.
The arrow misses the orc wizard.
The arrow hits you!
You die...

#..........#...#.(...........
.................................
.................................
.......Y.........................
................................
#....................).........
#........(c....................
#...........o..................
###......(..o(o.@................
......()#############[#.##.###...
......).# #.#.#<.# #... ........#
#.#....# #... ....c...#
#.#.##.###... ........#
#...##...#... .........
###########.##...#### ..........
#....#....#(.....# ..........
#....#.##.#......#


You could see a centaur, an orc wizard and 2 orcs.

Vanquished Creatures
  Sigmund (D:5)
  Menkaure (D:4)
  A sky beast (D:5)
  A hornet zombie (D:5)
  Purgy (Sewer)
  An ice beast (Temple)
  A phantom (D:4)
  An ogre (D:4)
  A centaur (D:5)
  A howler monkey (D:3)
  2 orc wizards (D:5)
  An orc priest (D:4)
  2 hounds (D:4)
  An iguana (D:4)
  6 worker ants
  Natasha (thrice) (D:4)
  2 hound skeletons
  6 gnolls
  6 adders
  A shadow imp (D:5)
  An ooze (D:1)
  An adder skeleton (D:4)
  2 worms
  2 dart slugs (D:1)
  3 leopard geckos
  12 orcs
  8 ball pythons
  11 bats
  4 giant cockroaches
  12 goblins
  6 hobgoblins
  4 jackals (D:5)
  4 quokkas
  4 frilled lizards
  6 kobolds
  7 rats
127 creatures vanquished.

Notes
Turn   | Place    | Note
-------+----------+-------------------------------------------
     0 | D:1      | Charmandara the Demonspawn Fire Elementalist began the
                  | quest for the Orb.
     0 | D:1      | Reached XP level 1. HP: 13/13 MP: 3/3
   350 | D:1      | Gained mutation: You have a pair of small horns on your
                  | head. [demonic ancestry]
   350 | D:1      | Reached XP level 2. HP: 17/19 MP: 0/5
   528 | D:1      | Learned a level 2 spell: Throw Flame
   724 | D:1      | Reached skill level 2 in Conjurations
   936 | D:1      | Gained mutation: You have a pair of horns on your head.
                  | [demonic ancestry]
   936 | D:1      | Reached XP level 3. HP: 24/24 MP: 2/6
  1215 | D:2      | Learned a level 3 spell: Conjure Flame
  1279 | D:2      | Reached skill level 3 in Conjurations
  1290 | D:2      | HP: 6/24 [poisoned by a worker ant]
  1295 | D:2      | HP: 4/24 [poisoned by a worker ant]
  1302 | D:2      | HP: 3/24 [poisoned by a worker ant]
  1310 | D:2      | HP: 2/24 [poisoned by a worker ant]
  1631 | D:2      | Reached skill level 3 in Fire Magic
  1631 | D:2      | Reached XP level 4. HP: 29/30 MP: 1/8
  1720 | D:2      | You fall into a shaft and drop 2 floors!
  1747 | D:4      | Noticed Natasha
  1747 | D:4      | Noticed a phantom
  1752 | D:3      | HP: 7/30 [howler monkey (5)]
  1755 | D:3      | HP: 2/30 [howler monkey (5)]
  1756 | D:3      | Gained mutation: You expend magic power (3 MP) to
                  | strengthen your wands. [potion of mutation]
  1756 | D:3      | Gained mutation: Scrolls take you a little longer to read.
                  | [potion of mutation]
  1756 | D:3      | Gained mutation: Your flesh is cold resistant. (rC+)
                  | [potion of mutation]
  1787 | D:3      | Found a glowing drain.
  1797 | Sewer    | Entered a sewer
  2020 | Sewer    | Noticed Purgy
  2233 | Sewer    | Killed Purgy
  2233 | Sewer    | Reached skill level 3 in Spellcasting
  2233 | Sewer    | Reached skill level 4 in Conjurations
  2233 | Sewer    | Reached XP level 5. HP: 21/35 MP: 2/9
  2641 | D:3      | Learned a level 4 spell: Sticky Flame
  2676 | D:3      | Found a blossoming altar of Fedhas.
  2763 | D:3      | Gained mutation: When hurt, damage is shared between your
                  | health and your magic reserves. [demonic ancestry]
  2763 | D:3      | Reached XP level 6. HP: 35/41 MP: 1/10
  2800 | D:3      | Reached skill level 4 in Fire Magic
  3511 | D:2      | Found a hazy altar of Hepliaklqana.
  3824 | D:2      | Found a hide-covered altar of Uskayaw.
  3826 | D:2      | Found a glowing silver altar of Zin.
  4077 | D:4      | Noticed Menkaure
  4080 | D:4      | Killed Menkaure
  4089 | D:4      | Killed Natasha
  4165 | D:4      | Reached skill level 5 in Conjurations
  4165 | D:4      | Gained mutation: You have a pair of large horns on your
                  | head. [demonic ancestry]
  4165 | D:4      | Reached XP level 7. HP: 46/46 MP: 0/12
  4277 | D:4      | Found a shadowy altar of Dithmenos.
  4338 | D:4      | HP: 10/46 [gnoll/+0 halberd (9)]
  4487 | D:4      | Noticed Natasha
  4492 | D:4      | Killed Natasha
  4541 | D:4      | Reached skill level 4 in Spellcasting
  4541 | D:4      | Reached skill level 5 in Fire Magic
  5144 | D:4      | Noticed Natasha
  5150 | D:4      | Killed Natasha
  5234 | D:5      | Entered Level 5 of the Dungeon
  5284 | D:5      | Reached skill level 6 in Conjurations
  5289 | D:5      | Found a staircase to the Ecumenical Temple.
  5450 | Temple   | Entered the Ecumenical Temple
  5469 | Temple   | Became a worshipper of Sif Muna the Loreminder
  5484 | Temple   | Reached XP level 8. HP: 42/52 MP: 3/14
  5618 | D:5      | HP: 9/52 [hornet zombie (11)]
  5624 | D:5      | HP: 8/52 [jackal (1)]
  5644 | D:5      | Reached skill level 6 in Fire Magic
  6176 | D:5      | Noticed Sigmund
  6183 | D:5      | Killed Sigmund
  6183 | D:5      | Reached skill level 7 in Conjurations
  6356 | D:5      | HP: 12/52 [centaur/arrow (10)]
  6360 | D:5      | Shot with an arrow by a centaur

Levels and vault maps discovered:
D:1:      evilmike_arrival_rings, layout_loops_ring
D:2:      layout_loops_ring, minitemple, overflow_temple_1_default
D:3:      layout_loops_corners, overflow_temple_1_default,
          cheibrodos_sewer_entry_sluice, kennysheep_cross_room, st_stairs_8,
          minmay_increasing_density
D:4:      layout_rooms, overflow_temple_1_default, serial_curves,
          eino_curves_03, eino_curves_01, eino_curves_02, eino_curves_02,
          uniq_menkaure, uniq_natasha
D:5:      layout_basic, minmay_temple_entry_crystal_x, first_ration,
          kb_lookout_dungeons_type, uniq_sigmund
Temple:   nicolae_temple_x_marks_the_god

Skill      XL: |  1  2  3  4  5  6  7  8 |
---------------+-------------------------+-----
Conjurations   | 2 3 4 5 6 7 |  7.1
Fire Magic     | 3 4 5 6 |  6.6
Spellcasting   | 3 4 |  4.9
Dodging        | |  1.7
Stealth        | |  1.7

Action                   |  1- 3 |  4- 6 |  7- 9 || total
-------------------------+-------+-------+-------++-------
Melee: Unarmed           |     5 |       |       ||     5
       Club              |    17 |       |       ||    17
       Dagger            |    13 |       |       ||    13
       Headbutt          |     6 |     4 |    12 ||    22
       Mace              |       |    41 |    68 ||   109
 Cast: Flame Tongue      |    51 |    91 |    59 ||   201
       Throw Flame       |     4 |     2 |    19 ||    25
       Conjure Flame     |       |     1 |     1 ||     2
       Sticky Flame      |       |     1 |    11 ||    12
Evoke: Wand              |       |       |     1 ||     1
  Use: Scroll            |       |    11 |       ||    11
       Potion            |       |     7 |     5 ||    12
  Eat: Chunk             |     3 |     5 |     7 ||    15
       Ration            |       |     1 |     1 ||     2
Armor: Robe              |     9 |    15 |       ||    24
       Troll leather arm |       |    27 |    46 ||    73
Dodge: Dodged            |    35 |    96 |   117 ||   248

Table legend:
 A = Non-vault XP
 B = Vault XP
 C = Vault XP percentage of total XP
 D = Non-vault monster count
 E = Vault monster count
 F = Vault count percentage of total count
                 A         B        C        D         E       F
            +---------+---------+-------+---------+---------+-------
      Total |    1537 |     729 |  32.2 |     103 |      24 |  18.9
            +---------+---------+-------+---------+---------+-------
        D:1 |      51 |       0 |   0.0 |      28 |       0 |   0.0
        D:2 |      92 |       0 |   0.0 |      17 |       0 |   0.0
        D:3 |     159 |      21 |  11.7 |      16 |      12 |  42.9
        D:4 |     659 |     202 |  23.5 |      23 |       2 |   8.0
        D:5 |     449 |     341 |  43.2 |      18 |       2 |  10.0
     Temple |     127 |       0 |   0.0 |       1 |       0 |   0.0
      Sewer |       0 |     165 | 100.0 |       0 |       8 | 100.0
            +---------+---------+-------+---------+---------+-------

Levels and vault maps discovered:
D:1:      evilmike_arrival_rings, layout_loops_ring
D:2:      layout_loops_ring, minitemple, overflow_temple_1_default
D:3:      layout_loops_corners, overflow_temple_1_default,
          cheibrodos_sewer_entry_sluice, kennysheep_cross_room, st_stairs_8,
          minmay_increasing_density
D:4:      layout_rooms, overflow_temple_1_default, serial_curves,
          eino_curves_03, eino_curves_01, eino_curves_02, eino_curves_02,
          uniq_menkaure, uniq_natasha
D:5:      layout_basic, minmay_temple_entry_crystal_x, first_ration,
          kb_lookout_dungeons_type, uniq_sigmund
Temple:   nicolae_temple_x_marks_the_god

Table legend:
 A = Turns spent in this place as a percentage of turns spent in the entire game.
 B = Non-inter-level travel turns spent in this place as a percentage of non-inter-level travel turns spent in the entire game.
 C = Inter-level travel turns spent in this place as a percentage of turns spent in this place.
 D = Turns resting spent in this place as a percentage of non-inter-level travel turns spent in this place.
 E = Turns spent auto-exploring this place as a percentage of non-inter-level travel turns spent in this place.
 F = Non-inter-level travel turns spent in this place divided by the number of levels of this place that you've seen.
                   A       B       C       D       E      F
               +-------+-------+-------+-------+-------+----------------------
         Total | 100.0 | 100.0 |   4.8 |  32.2 |  39.8 | 865.3
       Dungeon |  87.1 |  86.5 |   5.3 |  28.1 |  45.7 | 1048.4
        Temple |   5.2 |   5.3 |   2.1 |  90.1 |   0.0 | 322.0
         Sewer |   7.8 |   8.1 |   0.0 |  37.9 |   3.7 | 493.0
               +-------+-------+-------+-------+-------+----------------------

Table legend:
 A = Kills in this place as a percentage of kills in entire the game.
 B = Kills by you in this place as a percentage of kills by you in the entire game.
 C = Kills by friends in this place as a percentage of kills by friends in the entire game.
 D = Other kills in this place as a percentage of other kills in the entire game.
 E = Experience gained in this place as a percentage of experience gained in the entire game.
 F = Experience gained in this place divided by the number of levels of this place that you have seen.
                   A       B       C       D       E      F
               +-------+-------+-------+-------+-------+----------------------
         Total | 100.0 | 100.0 |   N/A |   N/A | 100.0 | 323.7
       Dungeon |  92.9 |  92.9 |   N/A |   N/A |  87.1 | 394.8
        Temple |   0.8 |   0.8 |   N/A |   N/A |   5.6 | 127.0
         Sewer |   6.3 |   6.3 |   N/A |   N/A |   7.3 | 165.0
               +-------+-------+-------+-------+-------+----------------------
